 Dungeon Crawl Stone Soup version 0.29-a0-520-gc852659d43 (webtiles) character file.

Game seed: 14055081789580175528

2323 erer12 the Poker (level 9, -15/65 HPs)
             Began as a Vampire Conjurer on May 31, 2022.
             Was a Believer of Ashenzari.
             Demolished by a hornet (17 damage)
             ... on level 7 of the Dungeon.
             The game lasted 00:34:23 (5133 turns).

erer12 the Poker (Vampire Conjurer)                 Turns: 5133, Time: 00:34:23

Health: -15/65     AC: 13    Str: 10    XL:     9   Next: 19%
Magic:  17/17      EV: 16    Int: 20    God:    Ashenzari [**....]
Gold:   853        SH:  0    Dex: 13    Spells: 17/18 levels left

rFire   . . .      SeeInvis +   k - +1 scythe of Ashenzari's Stars {vorpal, Cun, Evo} (curse)
rCold   . . .      Faith    .   (shield currently unavailable)
rNeg    . . .      Spirit   .   u - +0 ring mail
rPois   .          Reflect  .   (no helmet)
rElec   .          Harm     .   i - +2 cloak of the Cryptic Comet {Self, Elem} (curse)
rCorr   .          Rampage  .   j - +1 pair of gloves
Will    .....                   x - +1 pair of boots
Stlth   ++........              a - amulet of magic regeneration
HPRegen 0.40/turn               h - +4 ring of evasion
MPRegen 0.55/turn               p - +4 ring of slaying

@: lethally poisoned (-15 -> -23), very slightly contaminated, healing quickly
A: alive, fangs 3, see invisible, vampiric 2
a: Exsanguinate, Renounce Religion, Shatter the Chains


You were on level 7 of the Dungeon.
You worshipped Ashenzari.
Ashenzari was pleased with you.
You visited 2 branches of the dungeon, and saw 8 of its levels.
You also visited: Sewer.

You collected 853 gold pieces.

Inventory:

Hand Weapons
 k - the cursed +1 scythe of Ashenzari's Stars (weapon) {vorpal, Cun, Evo}
   (You took it off Sigmund on level 2 of the Dungeon)

   It inflicts extra damage upon your enemies.
   It has a curse which improves the following skills: Cunning: Dodging and
   Stealth.
   Evocations: Evocations.
 t - the +2 dagger of the Penguin {protect, Str+5 Int+4}
   (You found it on level 4 of the Dungeon)

   It grants its wielder temporary protection when it strikes (+7 to AC).
   Str:       It affects your strength (+5).
   Int:       It affects your intelligence (+4).
Missiles
 v - 2 throwing nets
Armour
 f - a +0 leather armour
 i - the cursed +2 cloak of the Cryptic Comet (worn) {Self, Elem}
   (You found it on level 2 of the Dungeon)

   It has a curse which improves the following skills: Introspection: Fighting
   and Spellcasting.
   Elements:  Fire Magic, Ice Magic, Air Magic and Earth Magic.
 j - a +1 pair of gloves (worn)
 u - a +0 ring mail (worn)
 x - a +1 pair of boots (worn)
Jewellery
 a - an amulet of magic regeneration (around neck)
 h - a +4 ring of evasion (left hand)
 p - a +4 ring of slaying (right hand)
 z - an amulet of reflection
Scrolls
 c - a scroll of teleportation
 d - 2 scrolls of immolation
 o - a scroll of poison
 q - 2 scrolls of amnesia
 r - a scroll of torment
 y - a scroll of identify
Potions
 b - a potion of magic
 e - a potion of flight
 g - a potion of cancellation
 l - a potion of attraction
 n - a potion of brilliance


   Skills:
 + Level 3.0(4.1) Fighting
 + Level 0.2 Short Blades
 + Level 2.2 Maces & Flails
 + Level 5.3 Polearms
 + Level 4.3 Armour
 + Level 5.0(6.2) Dodging
 + Level 3.7(4.9) Stealth
 + Level 4.1(5.3) Spellcasting
 + Level 4.5 Conjurations
 + Level 1.5(2.4) Evocations


You had 17 spell levels left.
You knew the following spells:

 Your Spells              Type           Power      Damage    Failure   Level
a - Magic Dart            Conj           92%        1d7       4%          1

Your spell library contained the following spells:

 Spells                   Type           Power      Damage    Failure   Level
 Searing Ray              Conj           46%        2d6       6%          2
 Summon Small Mammal      Summ           20%        N/A       26%         1
 Dazzling Flash           Conj/Hex       28%        N/A       30%         3
 Call Canine Familiar     Summ           5%         N/A       61%         3
 Summon Guardian Golem    Hex/Summ       5%         N/A       61%         3
 Fulminant Prism          Conj/Hex       7%         3d7       71%         4
 Iskenderun's Mystic Bla  Conj/Tloc      14%        2d5       71%         4
 Summon Forest            Summ/Tloc      2%         N/A       100%        5
 Dispersal                Tloc           2%         N/A       100%        6
 Chain Lightning          Conj/Air       7%         3d9       100%        9
 Fire Storm               Conj/Fire      7%         8d2       100%        9
 Shatter                  Erth           2%         3d6*      100%        9


Dungeon Overview and Level Annotations

Branches:
Dungeon (7/15)             Temple (1/1) D:6           Sewer (visited)

Altars:
Ashenzari
Cheibriados
Dithmenos
Elyvilon
Fedhas
Gozag
Hepliaklqana
Kikubaaqudgha
Makhleb
Nemelex Xobeh
Okawaru
Qazlal
Ru
Sif Muna
Trog
Uskayaw
Vehumet
Wu Jian
Xom
Yredelemnul
Zin
The Shining One

Shops:
D:2 *

Annotations:
D:7 Dowan, Duvessa


Innate Abilities, Weirdness & Mutations

Your natural rate of healing is accelerated.
You have razor-sharp teeth.
You have supernaturally acute eyesight. (SInv)
You are afflicted with vampirism and can become a bat while bloodless.


Message History

Duvessa is lightly wounded.
Read: scroll of fear
Press: ? - help, Q - select action, (/) - cycle Dir - look around, f - activate Look: Duvessa, wielding a +0 short sword and wearing a +2 scale mail of willpower (lightly wounded, chance to affect: 64%)
As you read the scroll of fear, it crumbles to dust.
You assume a fearsome visage.
Duvessa resists with almost no effort.
Dowan looks frightened!
The hornet is unaffected.
The hornet stings you!
You are poisoned.
You feel yourself slow down. Duvessa barely misses you.
Dowan mumbles some strange words.
Dowan blinks!
The hornet attacks as you move away! The hornet closely misses you.
You feel yourself speed up.
You feel very sick. The hornet closely misses you.
The hornet barely misses you.
Dowan gestures wildly while chanting.
Dowan blinks!
The hornet stings you!
You are more poisoned.
You feel yourself slow down.
You feel yourself speed up.
You feel very sick. The hornet stings you!
You feel yourself slow down. Duvessa hits you with a +0 short sword.
Dowan cries in horror.
Dowan gestures wildly while chanting.
Dowan blinks!
The hornet stings you!
* * * LOW HITPOINT WARNING * * *
You suddenly lose the ability to move!
Duvessa hits you with a +0 short sword.
* * * LOW HITPOINT WARNING * * *
Dowan mumbles some strange words.
Dowan blinks!
You can move again.
The hornet attacks as you move away! The hornet closely misses you.
You feel yourself speed up.
* * * LOW HITPOINT WARNING * * *
You feel very sick. The hornet stings you!
You die...

**..###**,,*,,**
*,....##,,,,,,##*
##.....*.,*#,##.*
###§...#*..,##.#..##
##......#...*#..#...#
#.........####...##.#
#...e.§#....#........
#...y..#*##....#.....
#####e..@..###..##.##....
**##...........#......#.....
*,#......<.<............†...
***,..............###...#.....
*,,,.............###....#.....
**,,#.........................
**,,,#...............#[....#...
*,,,,...............####..####.
**,,,.....#........## ##..**..


You could see Duvessa, a hornet (berserk, incited) and Dowan (fleeing).

Vanquished Creatures
  Sigmund (D:2)
  Eustachio (D:5)
  2 black bears
  2 ogres (D:4)
  A centaur (D:7)
  2 bullfrogs (D:7)
  A scorpion (D:5)
  2 gnoll sergeants (D:5)
  5 wights
  The ghost of xian the Sneak, a weakling MfEn (D:3)
  A crimson imp (D:7)
  2 hounds
  2 jellies (D:6)
  2 orc priests (D:7)
  5 iguanas
  A hell rat (Sewer)
  15 gnolls
  4 adders
  5 river rats
  5 white imps
  An ufetubus (D:4)
  2 dart slugs
  An orc (D:7)
  9 ball pythons
  3 bats
  13 endoplasms
  5 giant cockroaches
  4 goblins
  8 hobgoblins
  2 jackals (D:5)
  3 quokkas
  9 frilled lizards
  11 kobolds
  17 rats
148 creatures vanquished.

Vanquished Creatures (collateral kills)
  3 wights
  A jelly (D:7)
  A gnoll shaman (D:7)
  4 gnolls (D:7)
9 creatures vanquished.

Vanquished Creatures (others)
  A water moccasin (D:7)
  A howler monkey (D:7)
  A gnoll (D:7)
  A plant (D:1)
4 creatures vanquished.

Grand Total: 161 creatures vanquished

Notes
Turn   | Place    | Note
-------+----------+-------------------------------------------
     0 | D:1      | erer12 the Vampire Conjurer began the quest for the Orb.
     0 | D:1      | Reached XP level 1. HP: 13/13 MP: 3/3
   130 | D:1      | Reached XP level 2. HP: 13/19 MP: 5/5
   460 | D:1      | Gained mutation: You are afflicted with vampirism and can
                  | become a bat while bloodless. [Vampire growth]
   460 | D:1      | Reached XP level 3. HP: 14/24 MP: 2/6
   832 | D:2      | Found Rethanone's General Store.
   852 | D:2      | Reached skill level 1 in Maces & Flails
  1169 | D:2      | Noticed Sigmund
  1178 | D:2      | Killed Sigmund
  1179 | D:2      | Reached skill level 1 in Fighting
  1179 | D:2      | Reached skill level 1 in Armour
  1179 | D:2      | Reached XP level 4. HP: 23/32 MP: 2/7
  1179 | D:2      | Reached XP level 5. HP: 26/37 MP: 2/8
  1220 | D:2      | Found a faded altar of an unknown god.
  1227 | D:2      | Prayed at the altar of an unknown god.
  1227 | D:2      | Became a worshipper of Gozag Ym Sagoz the Greedy
  1881 | D:3      | Found a runed translucent door.
  1881 | D:3      | Noticed xian's ghost (weakling MfEn)
  1911 | D:3      | Killed xian's ghost
  2061 | D:3      | Reached XP level 6. HP: 41/43 MP: 9/9
  2237 | D:4      | Identified the +2 dagger of the Penguin {protect, Str+5
                  | Int+4}
  2421 | D:4      | Reached skill level 1 in Polearms
  2785 | D:4      | Found a glowing drain.
  2808 | Sewer    | Entered a sewer
  2820 | Sewer    | Reached XP level 7. HP: 26/48 MP: 6/11
  3112 | D:5      | Entered Level 5 of the Dungeon
  3243 | D:5      | Noticed Eustachio
  3285 | D:5      | Killed Eustachio
  3337 | D:5      | Found a burning altar of Makhleb.
  3418 | D:5      | Reached skill level 1 in Evocations
  3439 | D:5      | HP: 1/49 [gnoll sergeant/+0 spear (6)]
  3441 | D:5      | Reached XP level 8. HP: 2/56 MP: 9/13
  3921 | D:6      | Found a staircase to the Ecumenical Temple.
  3945 | D:6      | Got the Almanac of Displacement and Feathers
  3949 | Temple   | Entered the Ecumenical Temple
  4006 | Temple   | Fell from the grace of Gozag
  4009 | Temple   | Became a worshipper of Ashenzari the Shackled
  4448 | D:6      | Reached * piety under Ashenzari
  4729 | D:7      | Reached skill level 5 in Polearms
  4838 | D:7      | Reached XP level 9. HP: 43/62 MP: 14/14
  4874 | D:7      | Reached ** piety under Ashenzari
  5060 | D:7      | Reached skill level 5 in Dodging
  5123 | D:7      | Noticed Duvessa
  5126 | D:7      | Noticed Dowan
  5132 | D:7      | Paralysed by a hornet for 1 turns
  5133 | D:7      | HP: 2/65 [poisoned by a hornet]
  5133 | D:7      | Demolished by a hornet

Illustrated notes

Levels and vault maps discovered:
D:1:      dpeg_arrival_arbitrary_c, layout_loops_cross, serial_forest,
          infiniplex_forest_clump_double, infiniplex_forest_straight_2,
          infiniplex_forest_end_1, infiniplex_forest_lined_room_,
          infiniplex_forest_straight_5, minmay_pentomino_q4
D:2:      layout_basic, basic_altar, serial_shops, nicolae_square_shop,
          chequers_ecumenical_altar_simple_redux, uniq_sigmund
D:3:      layout_basic, hellmonk_ghost_happy_afterlife
D:4:      layout_cave_pods, portal_sewer_entry_e
D:5:      minmay_angry_zag, layout_loops_ring, mainiacjoe_overflow_catwalk,
          uniq_eustachio
D:6:      layout_loops_ring, minmay_temple_entry_statues_pillars
D:7:      layout_cave_pools, chequers_serial_rivers_small_a,
          ebering_dispersal_statue_hall, minmay_holes, minmay_fire_ice_demons,
          uniq_duvessa
Temple:   nicolae_temple_the_god_donut

Skill      XL: |  1  2  3  4  5  6  7  8  9 |
---------------+----------------------------+-----
Conjurations   | 3 4 |  4.5
Maces & Flails | 2 |  2.2
Fighting       | 1 2 3 |  3.0
Armour         | 1 2 4 |  4.3
Dodging        | 3 4 5 |  5.0
Polearms       | 1 3 5 |  5.3
Spellcasting   | 3 4 |  4.1
Evocations     | 1 |  1.5
Short Blades   | |  0.2
Stealth        | |  3.7

Action                   |  1- 3 |  4- 6 |  7- 9 || total
-------------------------+-------+-------+-------++-------
Melee: Mace              |    78 |       |       ||    78
       Bite              |     8 |    13 |    19 ||    40
       Unarmed           |     2 |       |       ||     2
       Scythe            |       |   106 |   155 ||   261
       Dagger            |       |    12 |       ||    12
 Cast: Magic Dart        |    40 |    77 |   111 ||   228
Invok: Curse Item        |       |       |     2 ||     2
       Renounce Religion |       |       |     1 ||     1
Evoke: Wand              |       |     2 |    19 ||    21
  Use: Scroll            |       |    10 |     9 ||    19
       Potion            |       |     3 |     7 ||    10
 Stab: Sleeping          |     1 |     3 |       ||     4
       Distracted        |       |     1 |       ||     1
Armor: Robe              |     2 |       |       ||     2
       Leather armour    |    18 |    73 |       ||    91
       Ring mail         |       |       |    97 ||    97
Dodge: Dodged            |    69 |   201 |   221 ||   491

Table legend: (Time is in decaauts)
 A = Elapsed time spent in this place.
 B = Non-inter-level travel time spent in this place.
 C = Inter-level travel time spent in this place.
 D = Time resting spent in this place.
 E = Time spent auto-exploring this place.
 F = Levels seen in this place.
 G = Mean time per level.
                   A        B        C        D        E       F      G
               +--------+--------+--------+--------+--------+-----+--------+
         Total |   5408 |   1838 |   3570 |     23 |      0 |   9 |  600.9 |
       Dungeon |   5194 |   1693 |   3501 |     23 |      0 |   7 |  742.0 |
        Temple |     72 |      3 |     69 |      0 |      0 |   1 |   72.0 |
         Sewer |    140 |    140 |      0 |      0 |      0 |   1 |  140.0 |
               +--------+--------+--------+--------+--------+-----+--------+

Top non-repeatable levels by time:
     D:5: 877 daAuts
     D:1: 844 daAuts
     D:3: 844 daAuts
     D:4: 760 daAuts
     D:2: 672 daAuts
     D:6: 667 daAuts
     D:7: 527 daAuts
   Sewer: 140 daAuts
  Temple: 72 daAuts
